 Dungeon Crawl Stone Soup version 0.19-a0-1922-g1e9a4c1 (webtiles) character file.

19 Kaname the Digger (level 2, -2/19 HPs)
             Began as a Demonspawn Earth Elementalist on Oct 24, 2016.
             Slain by an adder (4 damage)
             ... on level 2 of the Dungeon.
             The game lasted 00:02:19 (854 turns).

Kaname the Digger (Demonspawn Earth Elementalist)    Turns: 854, Time: 00:02:20

Health: -2/19      AC:  4    Str:  8    XL:     2   Next: 55%
Magic:  5/5        EV: 12    Int: 16    God:
Gold:   34         SH:  0    Dex: 13    Spells: 1 memorised, 3 levels left

rFire  . . .     SeeInvis .     g - +0 whip
rCold  . . .     Gourm    .     c - +0 robe
rNeg   . . .     Faith    +     (no shield)
rPois  .         Spirit   .     a - +0 helmet
rElec  .         Reflect  .     f - +0 cloak
rCorr  .         Harm     .     (no gloves)
MR     .....                    (no boots)
Stlth  ++........               n - amulet of faith
                                (no ring)
                                (no ring)

@: lethally poisoned (-2 -> -7), hasted, very quick
A: hooves 1
a: no special abilities


You were on level 2 of the Dungeon.
You were not hungry.

You visited 1 branch of the dungeon, and saw 2 of its levels.

You collected 34 gold pieces.

Inventory:

Hand Weapons
 g - a +0 whip (weapon)
Missiles
 b - 31 stones (quivered)
Armour
 a - a +0 helmet (worn)
 c - a +0 robe (worn)
 f - a +0 cloak (worn)
Jewellery
 n - an amulet of faith (around neck)
Scrolls
 i - 2 scrolls of remove curse
 j - a scroll of fear
 m - a scroll of teleportation {unknown}
Potions
 h - a potion of heal wounds {unknown}
 k - a potion of haste
 p - a potion of curing {unknown}
Books
 e - a book of Geomancy

   Spells                             Type                      Level
   a - Sandblast                      Earth                        1
   b - Passwall                       Transmutation/Earth          2
   c - Stone Arrow                    Conjuration/Earth            3
   d - Petrify                        Transmutation/Earth          4
   e - Lee's Rapid Deconstruction     Earth                        5
Comestibles
 d - a bread ration


   Skills:
 - Level 1.7 Dodging
 - Level 1.7 Stealth
 - Level 2.0 Spellcasting
 - Level 0.8 Transmutations
 + Level 3.5 Earth Magic


You had 3 spell levels left.
You knew the following spells:

 Your Spells              Type           Power        Failure   Level  Hunger
a - Passwall              Tmut/Erth      #.........   14%         2    ###....


Dungeon Overview and Level Annotations

Branches:
Dungeon (2/15)

Altars:


Innate Abilities, Weirdness & Mutations

You have large cloven feet.


Message History

The adder bites you. The adder barely misses you.
You hit the adder.
The adder is moderately wounded.
The adder closely misses you.
You hit the adder.
The adder is heavily wounded.
The adder bites you. The adder bites you but does no damage.
You closely miss the adder.
The adder is heavily wounded.
The adder closely misses you.
You barely miss the adder.
The adder is heavily wounded.
The adder bites you but does no damage. The adder bites you.
* * * LOW HITPOINT WARNING * * *
You are lethally poisoned!
The adder poisons you!
It was a potion of haste.
You feel yourself speed up.
* * * LOW HITPOINT WARNING * * *
You feel sick. The adder bites you.
You die...

#########.###.##
##.#.## ##.####### #.#
#...# #######
#.###...### .....#
#.#.......# ...#
#.........#
#.#######.......#
#......)...S@.###
#####.########....#
.S.S.....# #.#.##
.........#####.#.####
#####)#>..............
#>#.######.####.##
#.#.# #.# ..#.# #.#
###(# #.#


You could see an adder.

Vanquished Creatures
  A dart slug (D:2)
  2 giant cockroaches
  A goblin (D:1)
  3 hobgoblins
  3 jackals (D:1)
  A bat (D:1)
  A frilled lizard (D:1)
  A kobold (D:1)
  3 rats (D:1)
16 creatures vanquished.

Notes
Turn   | Place    | Note
-------+----------+-------------------------------------------
     0 | D:1      | Kaname the Demonspawn Earth Elementalist began the quest for the Orb.
     0 | D:1      | Reached XP level 1. HP: 13/13 MP: 3/3
    78 | D:1      | Reached skill level 3 in Earth Magic
    90 | D:1      | Gained mutation: You have large cloven feet. [demonic ancestry]
    90 | D:1      | Reached XP level 2. HP: 8/19 MP: 0/5
   803 | D:2      | Learned a level 2 spell: Passwall
   854 | D:2      | Slain by an adder

Vault maps used:
D:1:      dpeg_arrival_lava_altar
D:2:      chequers_temple_overflow_minitemple, first_bread

Skill      XL: |  1 |
---------------+----+-----
Earth Magic    | 3 |  3.5
Dodging        | |  1.7
Stealth        | |  1.7
Spellcasting   | |  2.0
Transmutations | |  0.8

Action                   || total
-------------------------++-------
Melee: Whip              ||    67
       Unarmed           ||     5
       Kick              ||    10
 Cast: Sandblast         ||     3
  Use: Scroll            ||     4
       Potion            ||     1
 Stab: Sleeping          ||     4
Armor: Robe              ||    21
Dodge: Dodged            ||    43
